 Dungeon Crawl Stone Soup version 0.25.0-9-g26727b657a (console) character file.

Game seed: 5933273523958635263

569 bli the Skirmisher (level 7, 0/50 HPs)
             Began as a Formicid Abyssal Knight on June 20, 2020.
             Was a Believer of Lugonu.
             Succumbed to a water moccasin's poison
             ... on level 5 of the Dungeon.
             The game lasted 00:14:52 (3809 turns).

bli the Skirmisher (Formicid Abyssal Knight)        Turns: 3809, Time: 00:14:53

Health: 0/50       AC:  8    Str: 17      XL:     7   Next: 60%
Magic:  8/8        EV: 12    Int: 11      God:    Lugonu [**....]
Gold:   257        SH:  0    Dex: 10 (14) Spells: 6/6 levels left

rFire    . . .     SeeInvis +   a - +1 hand axe
rCold    . . .     Gourm    .   (no shield)
rNeg     + . .     Faith    .   b - +0 leather armour
rPois    .         Spirit   .   (helmet unavailable)
rElec    .         Reflect  .   t - +0 cloak
rCorr    .         Harm     .   f - +2 pair of gloves
MR       .....                  w - +0 pair of boots
Stlth    ++........             (no amulet)
HPRegen  0.16/turn              l - ring of positive energy
MPRegen  0.11/turn              (no ring)

@: lethally poisoned (0 -> -3), stab
A: permanent stasis, dig shafts and tunnels, four strong arms, antennae 3, claws
1, thin skeletal structure 1, frail 1
a: Dig, Shaft Self, Depart the Abyss, Bend Space, Renounce Religion


You were on level 5 of the Dungeon.
You worshipped Lugonu.
Lugonu was pleased with you.
You were not hungry.

You visited 1 branch of the dungeon, and saw 5 of its levels.
You visited the Abyss 1 time.

You collected 257 gold pieces.

Inventory:

Hand Weapons
 a - a +1 hand axe (weapon)
Missiles
 g - 63 poisoned darts
 q - 31 sling bullets
 v - 6 boomerangs (quivered)
 x - 2 throwing nets
Armour
 b - a +0 leather armour (worn)
 f - a +2 pair of gloves (worn)
 t - a +0 cloak (worn)
 w - a +0 pair of boots (worn)
 B - a +0 plate armour
 C - a +0 ring mail
Jewellery
 l - a ring of positive energy (left hand)
Wands
 h - a wand of flame (17)
 s - a wand of digging (2)
Scrolls
 e - 2 scrolls of amnesia {unknown}
 i - a scroll of blinking {unknown}
 j - 4 scrolls of fog {unknown}
 k - 3 scrolls of identify
 m - a scroll of fear {unknown}
 n - a scroll of teleportation {unknown}
 o - 4 scrolls of remove curse {unknown}
 p - a scroll of magic mapping {unknown}
 u - a scroll of immolation {unknown}
 y - a scroll of enchant weapon
Potions
 d - 2 potions of might
Comestibles
 c - 11 rations


   Skills:
 + Level 5.0 Fighting
 + Level 5.0 Axes
 + Level 3.3 Armour
 * Level 3.4 Dodging
 + Level 1.7 Stealth
 + Level 2.3 Invocations
 + Level 0.1 Evocations


You had 6 spell levels left.
You didn't know any spells.
Your spell library contained the following spells:

 Spells                   Type           Power        Failure   Level  Hunger
 Magic Dart               Conj           #...         38%         1    ##.....
 Call Imp                 Summ           #.......     54%         2    ###....
 Slow                     Hex            #.......     54%         2    ###....
 Conjure Flame            Conj/Fire      #.......     77%         3    ####...
 Mephitic Cloud           Conj/Pois/Air  #.......     77%         3    ####...
 Blink                    Tloc           Unusable     N/A         2    N/A

Dungeon Overview and Level Annotations

Branches:
Dungeon (5/15)             Temple (0/1) D:4

Altars:
Okawaru
Qazlal


Innate Abilities, Weirdness & Mutations

You cannot be hasted, slowed, berserked, paralysed or teleported.
You can dig through walls and to a lower floor.
Your four strong arms can wield two-handed weapons with a shield.
You have a pair of large antennae on your head. (SInv)
You have sharp fingernails.
You have a somewhat thin skeletal structure. (Dex +2, Stealth)
You are frail. (-10% HP)


Message History

Unknown command.
* * * LOW HITPOINT WARNING * * *
You feel sick.
Found 13 sling bullets.
* * * LOW HITPOINT WARNING * * *
You feel sick.
Found a stone staircase leading down.
Unknown command.
* * * LOW HITPOINT WARNING * * *
You feel sick.
* * * LOW HITPOINT WARNING * * *
You feel sick.
Found a quarterstaff and an emerald ring.
* * * LOW HITPOINT WARNING * * *
You feel sick.
* * * LOW HITPOINT WARNING * * *
You feel sick.
* * * LOW HITPOINT WARNING * * *
You feel sick.
You die...

..##### .......
#..... #....
#....## ##...#.##
#.....@.## ..###
###........#
....##
#........###
.....# #.......##
.....# #.....###
.....## #...(.#
......# #.....#
......# #....##
......###....###.
{
......##..........
.....###..........


There were no monsters in sight!

Vanquished Creatures
  A water moccasin (D:5)
  An ogre (D:5)
  A phantom (D:4)
  A scorpion (D:5)
  A quasit (D:5)
  A hound (D:5)
  A jelly (D:5)
  2 worker ants (D:4)
  A gnoll (D:4)
  An adder (D:5)
  A shadow imp (D:5)
  2 oozes (D:1)
  2 worms (D:2)
  2 dart slugs
  2 leopard geckos
  3 orcs (D:4)
  A ball python (D:1)
  6 giant cockroaches
  5 hobgoblins
  5 jackals
  8 kobolds
  A quokka (D:2)
  4 bats (D:1)
  4 frilled lizards
  7 goblins
  A leopard gecko zombie (D:5)
  A quokka skeleton (D:4)
  4 rats
70 creatures vanquished.

Notes
Turn   | Place    | Note
-------+----------+-------------------------------------------
     0 | Abyss:1  | bli the Formicid Abyssal Knight began the quest for the
                  | Orb.
     0 | Abyss:1  | Reached XP level 1. HP: 18/18 MP: 2/2
    44 | Abyss:2  | Noticed a small abomination
    47 | D:1      | Escaped the Abyss
   135 | D:1      | Reached skill level 1 in Dodging
   169 | D:1      | Reached * piety under Lugonu
   169 | D:1      | Reached XP level 2. HP: 8/25 MP: 3/3
   337 | D:1      | Reached XP level 3. HP: 24/30 MP: 4/4
   629 | D:2      | Found a stormy altar of Qazlal.
   976 | D:2      | Found a faded altar of an unknown god.
  1035 | D:2      | Reached XP level 4. HP: 34/37 MP: 5/5
  1379 | D:2      | Reached ** piety under Lugonu
  2047 | D:4      | Noticed a phantom
  2079 | D:4      | Killed a phantom
  2079 | D:4      | Reached XP level 5. HP: 12/43 MP: 6/6
  2316 | D:4      | Reached skill level 1 in Stealth
  2474 | D:4      | Found a staircase to the Ecumenical Temple.
  2534 | D:4      | Reached XP level 6. HP: 44/49 MP: 7/7
  2899 | D:4      | Found an iron altar of Okawaru.
  2998 | D:5      | Entered Level 5 of the Dungeon
  3099 | D:5      | Noticed an ogre
  3113 | D:5      | Killed an ogre
  3113 | D:5      | Reached XP level 7. HP: 9/55 MP: 8/8
  3752 | D:5      | Noticed a water moccasin
  3795 | D:5      | Killed a water moccasin
  3795 | D:5      | Reached skill level 5 in Fighting
  3795 | D:5      | Reached skill level 5 in Axes
  3796 | D:5      | Gained mutation: You have a somewhat thin skeletal
                  | structure. (Dex +2, Stealth) [potion of mutation]
  3796 | D:5      | Gained mutation: You are frail. (-10% HP) [potion of
                  | mutation]
  3796 | D:5      | Gained mutation: You have sharp fingernails. [potion of
                  | mutation]
  3803 | D:5      | HP: 2/50 [poisoned by a water moccasin]
  3809 | D:5      | Succumbed to a water moccasin's poison

Illustrated notes

Levels and vault maps discovered:
D:1:      wheals_arrival_shading, layout_rooms, minmay_heptomino_d4
D:2:      layout_rooms, chequers_ecumenical_altar_simple_redux,
          nicolae_qazlal_eye_of_the_storm
D:3:      layout_loops_cross, first_ration
D:4:      layout_gridville, minmay_temple_entry_glassed_door,
          okawaru_altar_gauntlet_db
D:5:      layout_cave_pods

Skill      XL: |  1  2  3  4  5  6  7 |
---------------+----------------------+-----
Dodging        | 1 2 3 |  3.4
Fighting       | 4 5 |  5.0
Axes           | 3 4 5 |  5.0
Stealth        | 1 |  1.7
Armour         | 3 |  3.3
Invocations    | |  2.3
Evocations     | |  0.1

Action                   |  1- 3 |  4- 6 |  7- 9 || total
-------------------------+-------+-------+-------++-------
Melee: Hand axe          |    97 |   129 |    69 ||   295
Throw: Dart              |       |    25 |       ||    25
       Boomerang         |       |       |     4 ||     4
Invok: Depart the Abyss  |     1 |       |       ||     1
Evoke: Wand              |       |       |     5 ||     5
  Use: Potion            |       |     1 |     3 ||     4
       Scroll            |       |       |     2 ||     2
  Eat: Chunk             |       |     4 |       ||     4
       Ration            |       |     1 |     1 ||     2
Armor: Leather armour    |    39 |    43 |    63 ||   145
Dodge: Dodged            |    56 |    90 |    86 ||   232
